 Dungeon Crawl Stone Soup version 0.19-a0-684-gf760df0 (webtiles) character file.

93 Jojapa the Chopper (level 4, 0/61 HPs)
             Began as a Minotaur Berserker on June 17, 2016.
             Was a Believer of Trog.
             Slain by an ogre
             ... wielding a +0 giant club
              (19 damage)
             ... on level 4 of the Dungeon.
             The game lasted 00:04:04 (2406 turns).

Jojapa the Chopper (Minotaur Berserker)             Turns: 2406, Time: 00:04:05

Health: 0/61       AC:  2    Str: 26    XL:     4   Next: 37%
Magic:  3/3        EV: 12    Int:  4    God:    Trog [**....]
Gold:   152        SH:  0    Dex: 11    Spells: 0 memorised, 3 levels left

rFire  . . .     SeeInvis .     a - +0 hand axe
rCold  . . .     Gourm    .     b - +0 animal skin
rNeg   . . .     Faith    .     (no shield)
rPois  .         Spirit   .     (helmet restricted)
rElec  .         Dismiss  .     (no cloak)
rCorr  .         Reflect  .     (no gloves)
SustAt .         Harm     .     (no boots)
MR     .....     Rnd*Tele +     (no amulet)
Stlth  ..........               (no ring)
                                j - ring of teleportation (curse)

@: berserking, very quick, not resistant to hostile enchantments, extremely
unstealthy
A: retaliatory headbutt, horns 2
a: Berserk, Trog's Hand, Burn Spellbooks, Renounce Religion


You were on level 4 of the Dungeon.
You worshipped Trog.
Trog was pleased with you.
You were not hungry.

You visited 1 branch of the dungeon, and saw 4 of its levels.

You collected 152 gold pieces.

Inventory:

Hand Weapons
 a - a +0 hand axe (weapon)
Armour
 b - a +0 animal skin (worn)
Jewellery
 j - a cursed ring of teleportation (left hand)
Wands
 m - a wand of flame (20/48)
Scrolls
 d - 2 scrolls of fear {unknown}
 e - a scroll of amnesia {unknown}
 f - 2 scrolls of enchant armour {unknown}
 g - 2 scrolls of identify {unknown}
 i - 2 scrolls of remove curse {unknown}
 k - a scroll of magic mapping {unknown}
 o - a scroll of teleportation {unknown}
Potions
 h - a potion of curing {unknown}
 l - 2 potions of agility {unknown}
Comestibles
 c - 2 bread rations
 n - a royal jelly
 q - a slice of pizza


   Skills:
 + Level 4.3 Fighting
 * Level 5.1 Axes
 + Level 3.4 Armour
 - Level 2.1 Dodging


You had 3 spell levels left.
You didn't know any spells.

Dungeon Overview and Level Annotations

Branches:
Dungeon (4/15)
 Temple: D:4-7

Altars:
Okawaru
Qazlal


Innate Abilities, Weirdness & Mutations

You reflexively headbutt those who attack you in melee.
You have a pair of horns on your head.


Message History

The puff of flame misses the ogre.
Evoking this partially-identified wand wasted a few charges.
Evoke which item? (* to show all) (? for menu, Esc to quit)
Zapping:
m - a wand of flame {zapped: 2} (will waste charges)
Press: ? - help, Shift-Dir - straight line, f/p - ogre
Aim: an ogre, wielding a giant club The puff of flame hits the ogre.
The ogre is moderately wounded.
Evoking this partially-identified wand wasted a few charges.
You hit the ogre but do no damage.
The ogre is moderately wounded.
The ogre closely misses you.
You hit the ogre.
The ogre is heavily wounded.
The ogre hits you with a giant club!
* * * LOW HITPOINT WARNING * * *
A red film seems to cover your vision as you go berserk!
You feel yourself moving faster!
You feel mighty!
You feel somewhat more hungry. The ogre hits you with a giant club!!
You die...

### #.## .. #.
.#.## .#####.#
######
###.####........
....? #
##........ ...
#...#
###.#####.## #..
#...#
.#.######.# #..
#...#
#.........#
#..##...#####
##[######.#
#..@O.......#
#.# #.#
##.##...###. ..#
#.# #. #..##
#.## #.# #. #..#
#. #.. .. #...
#. #.. ## ##.##
#. #... .# #..#
.. #..# ..


You could see an ogre.

Vanquished Creatures
  A worker ant (D:4)
  3 adders
  A worm (D:3)
  A dart slug (D:3)
  2 giant geckos (D:3)
  An orc (D:3)
  4 bats
  2 giant cockroaches
  6 goblins
  4 hobgoblins
  3 giant newts (D:1)
  4 kobolds
  6 rats
38 creatures vanquished.

Notes
Turn   | Place    | Note
--------------------------------------------------------------
     0 | D:1      | Jojapa the Minotaur Berserker began the quest for the Orb.
     0 | D:1      | Reached XP level 1. HP: 19/19 MP: 0/0
   240 | D:1      | Reached skill level 4 in Axes
   241 | D:1      | Reached XP level 2. HP: 27/27 MP: 1/1
   538 | D:2      | Found a stormy altar of Qazlal.
   718 | D:2      | Reached ** piety under Trog
   829 | D:2      | Reached XP level 3. HP: 30/33 MP: 2/2
  1439 | D:3      | Found an iron altar of Okawaru.
  2169 | D:3      | Reached skill level 5 in Axes
  2169 | D:3      | Reached XP level 4. HP: 33/40 MP: 3/3
  2400 | D:4      | Noticed an ogre
  2406 | D:4      | Slain by an ogre

Vault maps used:
D:1:      eino_arrival_water_cross
D:2:      nicolae_qazlal_general_emergency
D:3:      kennysheep_okawaru_gauntlet, first_bread
D:4:      elyvilon_altar_5, serial_shops, shop

Skill      XL: |  1  2  3 |
---------------+----------+-----
Axes           | 4 5 |  5.1
Fighting       | 4 |  4.3
Armour         | 3 |  3.4
Dodging        | |  2.1

Action                   |  1- 3 |  4- 6 || total
-------------------------+-------+-------++-------
Melee: Hand axe          |    76 |    11 ||    87
       Headbutt          |    10 |     1 ||    11
Invok: Berserk           |     1 |     1 ||     2
Evoke: Wand              |       |     2 ||     2
 Stab: Sleeping          |     2 |       ||     2
  Eat: Chunk             |     5 |     1 ||     6
Armor: Animal skin       |     6 |     2 ||     8
Dodge: Dodged            |    47 |     4 ||    51
